 Dungeon Crawl Stone Soup version bcrawl-1.12-5-g74a5124548 (webtiles) character file.

Game seed: 4192013741517635499

7588 BorisKarlOrff the Spear-Bearer (level 11, 0/87 HPs)
             Began as a Merfolk Chaos Knight on May 31, 2019.
             Was a Plaything of Xom.
             Succumbed to a killer bee's poison
             ... on level 9 of the Dungeon.
             The game lasted 00:22:50 (7742 turns).

BorisKarlOrff the Spear-Bearer (MfCK)               Turns: 7742, Time: 00:22:51

Health: 0/87       AC: 28    Str: 15    XL:     11   Next: 17%
Magic:  11/11      EV:  6    Int: 11    God:    Xom [...*..]
Gold:   166        SH:  4    Dex: 16    Spells: 10/10 levels left

rFire    . . .     SeeInvis +   e - +3 dire flail (protect)
rCold    . . .     Gourm    .   (shield currently unavailable)
rNeg     . . .     Faith    .   j - +0 plate armour
rPois    +         Spirit   .   (helmet restricted)
rElec    +         Reflect  +   o - +2 cloak {rPois}
rCorr    .         Harm     .   m - +1 pair of gloves {Str+3}
MR       .....                  h - +0 pair of boots
Stlth    ..........             i - +4 amulet of reflection
HPRegen  0.00/turn              f - +2 ring of protection
MPRegen  0.12/turn              k - ring of see invisible

@: lethally poisoned (0 -> -2), protection aura, berserk cooldown, hasted and
slowed
A: change form in water, swift swim, stealthy swim, horns 1, blurry vision 1,
deterioration 1, poison resistance, electricity resistance, inhibited
regeneration, weak 1, wild magic 1, evolution 1, MP-powered wands
a: Renounce Religion


You were on level 9 of the Dungeon.
You worshipped Xom.
You were a favourite toy of Xom.
You were full.

You visited 1 branch of the dungeon, and saw 9 of its levels.

You collected 550 gold pieces.
You spent 384 gold pieces at shops.

Inventory:

Hand Weapons
 e - a +3 dire flail of protection (weapon)
Armour
 h - a +0 pair of boots (worn)
 j - a +0 plate armour (worn)
 m - a +1 pair of gloves of strength (worn)
 o - a +2 cloak of poison resistance (worn)
Jewellery
 f - a +2 ring of protection (left hand)
 i - a +4 amulet of reflection (around neck)
 k - a ring of see invisible (right hand)
 s - the ring "Sinanoo" {rC+++ rN+ Int-3}
   (You took it off an orc wizard on level 8 of the Dungeon)

   [ring of positive energy]

   It affects your intelligence (-3).
   It renders you almost immune to cold.
   It protects you from negative energy.
Wands
 d - a wand of acid (13)
 l - a wand of polymorph (17)
Scrolls
 a - a scroll of blinking
 b - 2 scrolls of teleportation
 n - 3 scrolls of remove curse
 t - a scroll of vulnerability
Potions
 g - 2 potions of lignification
 p - a potion of agility
 q - a potion of curing
 r - a potion of magic
Comestibles
 c - 2 rations {!d}


   Skills:
 + Level 8.3 Fighting
 + Level 7.0 Maces & Flails
   Level 11.2 Polearms
 + Level 6.3 Armour
 + Level 3.8 Dodging
 + Level 6.5 Stealth
   Level 2.8 Shields


You had 10 spell levels left.
You didn't know any spells.
Your spell library contained the following spells:

 Spells                   Type           Power        Failure   Level  Hunger
 Summon Small Mammal      Summ           #...         100%        1    ##.....
 Call Imp                 Summ           #.......     100%        2    ###....
 Call Canine Familiar     Summ           #.......     100%        3    ####...
 Summon Ice Beast         Ice/Summ       #.......     100%        4    #####..
 Summon Lightning Spire   Summ/Air       #.......     100%        5    ######.


Dungeon Overview and Level Annotations

Branches:
Dungeon (9/12)             Temple (0/1) D:4            Lair (0/6) D:8
    Orc (0/1) D:9

Altars:
Cheibriados
Trog
Uskayaw
Xom
Zin

Shops:
D:4 [   D:5 [*


Innate Abilities, Weirdness & Mutations

You revert to your normal form in water.
You are very nimble and swift while swimming.
You are very stealthy in the water. (Stealth+)
You have a pair of small horns on your head.
Scrolls take you a little longer to read.
Your body sometimes deteriorates upon taking damage.
Your system is resistant to poisons. (rPois)
You are resistant to electric shocks. (rElec)
You do not regenerate when monsters are visible.
You are weak. (Str -2)
Your spells are a little harder to cast, but a little more powerful.
You evolve.
You expend magic power (3 MP) to strengthen your wands.


Message History

The killer bee is severely wounded.
The killer bee stings you but does no damage.
You completely miss the killer bee. Your headbutt misses the killer bee.
The killer bee is severely wounded.
You hear an angry buzzing noise. x2
The killer bee stings you.
* * * LOW HITPOINT WARNING * * *
You puncture the killer bee!
You kill the killer bee!
You closely miss the killer bee. You headbutt the killer bee.
The killer bee is lightly wounded.
The killer bee stings you but does no damage.
You hear an angry buzzing noise. x3
You closely miss the killer bee. Your headbutt misses the killer bee.
The killer bee is lightly wounded.
You are no longer berserk.
You are exhausted.
You feel yourself slow down.
You die...
Xom howls with laughter!

###+#####
.........#
.........#####
........('.§○#
.......>.###@#
.........# #y#
.........# #y#
.........#


#yy%yyyyy ###+##.## ###..%... #.#########+## #.#8...8# #.#)....# #######)).)>..#
You could see 4 killer bees.

Vanquished Creatures
  Harold (D:8)
  Pikel (D:5)
  An ugly thing (D:7)
  A centaur zombie (D:8)
  Joseph (D:7)
  3 trolls
  A queen bee (D:9)
  A hippogriff (D:8)
  4 yaks (D:8)
  A hungry ghost (D:8)
  A water moccasin (D:6)
  2 porcupines (D:8)
  2 sky beasts
  2 orc warriors (D:9)
  A necrophage (D:8)
  2 ice beasts
  5 ogres
  2 centaurs
  2 crocodiles (D:8)
  Blork the orc (D:5)
  4 big kobolds (D:9)
  2 bullfrogs
  A gnoll sergeant (D:9)
  A scorpion (D:4)
  2 jellies
  6 killer bees
  4 wights (D:8)
  4 howler monkeys
  2 crimson imps
  3 orc priests
  3 hounds
  6 orc wizards
  4 bullfrog skeletons
  An iguana (D:2)
  6 worker ants
  A hound zombie (D:7)
  7 gnolls
  8 adders
  3 adder skeletons
  4 worms
  2 dart slugs (D:1)
  7 leopard geckos
  31 orcs
  4 bats
  A giant cockroach (D:1)
  4 goblins
  4 hobgoblins
  8 jackals
  9 kobolds
  3 quokkas
  A ball python (D:1)
  7 frilled lizards
  8 rats
196 creatures vanquished.

Vanquished Creatures (collateral kills)
  A yak (D:8)
  An orc warrior (D:5)
  A crocodile (D:8)
  An orc wizard (D:5)
  2 orcs (D:5)
6 creatures vanquished.

Vanquished Creatures (others)
  A porcupine (D:8)
  4 slaves (D:5)
  A quasit (D:6)
  A worker ant (D:5)
  A jackal (D:5)
  A fungus (D:8)
9 creatures vanquished.

Grand Total: 211 creatures vanquished

Notes
Turn   | Place    | Note
-------+----------+-------------------------------------------
     0 | D:1      | BorisKarlOrff the Merfolk Chaos Knight began the quest for
                  | the Orb.
     0 | D:1      | Reached XP level 1. HP: 18/18 MP: 1/1
    55 | D:1      | XOM: potion effect (heal wounds)
    56 | D:1      | XOM: silly message
    63 | D:1      | Reached XP level 2. HP: 22/24 MP: 2/2
    85 | D:1      | Reached skill level 5 in Polearms
   132 | D:1      | Reached XP level 3. HP: 30/30 MP: 3/3
   461 | D:1      | XOM: silly message
   563 | D:1      | XOM: silly message
   685 | D:2      | XOM: harmless Pois miscast
  1101 | D:2      | Reached XP level 4. HP: 36/37 MP: 4/4
  1121 | D:2      | Reached skill level 1 in Armour
  1352 | D:2      | XOM: cloud trail
  1666 | D:3      | Noticed a bullfrog
  1669 | D:3      | XOM: potion effect (agility)
  1677 | D:3      | XOM: confuse monster(s)
  1682 | D:3      | Killed a bullfrog
  1682 | D:3      | Reached skill level 6 in Polearms
  1682 | D:3      | Reached XP level 5. HP: 33/43 MP: 5/5
  1877 | D:3      | Found a faded altar of an unknown god.
  1960 | D:3      | XOM: severe Pois miscast
  1967 | D:3      | XOM: medium Tmut miscast
  1991 | D:3      | Gained mutation: Your magical capacity is low. (-10% MP)
                  | [mutagenic glow]
  2005 | D:3      | XOM: harmless Air miscast
  2024 | D:3      | Gained mutation: Your body sometimes deteriorates upon
                  | taking damage. [mutagenic glow]
  2320 | D:4      | Reached XP level 6. HP: 48/49 MP: 5/5
  2332 | D:4      | Noticed a sky beast
  2378 | D:4      | Killed a sky beast
  2378 | D:4      | Reached skill level 7 in Polearms
  2378 | D:4      | Reached skill level 1 in Stealth
  2534 | D:4      | Found a staircase to the Ecumenical Temple.
  2543 | D:4      | Found Sitausho's Antique Armour Shop.
  2547 | D:4      | XOM: enchant monster (bad)
  2609 | D:4      | Reached XP level 7. HP: 32/55 MP: 6/6
  2632 | D:4      | Reached skill level 5 in Fighting
  2635 | D:4      | XOM: enchant monster (bad)
  2786 | D:4      | XOM: confuse monster(s)
  2859 | D:4      | Found a hide-covered altar of Uskayaw.
  2898 | D:4      | Reached skill level 8 in Polearms
  2946 | D:4      | Found a snail-covered altar of Cheibriados.
  3125 | D:5      | Entered Level 5 of the Dungeon
  3139 | D:5      | XOM: noise
  3144 | D:5      | XOM: summons friendly crimson imp
  3158 | D:5      | Found Vikel's Armour Emporium.
  3163 | D:5      | Lost mutation: Your body sometimes deteriorates upon taking
                  | damage. [potion of mutation]
  3163 | D:5      | Lost mutation: Your magical capacity is low. (-10% MP)
                  | [potion of mutation]
  3163 | D:5      | Gained mutation: You do not regenerate when monsters are
                  | visible. [potion of mutation]
  3163 | D:5      | Gained mutation: You evolve. [potion of mutation]
  3168 | D:5      | XOM: confusion (+ monsters)
  3174 | D:5      | XOM: enchant monster (good)
  3175 | D:5      | XOM: confuse monster(s)
  3183 | D:5      | XOM: noise
  3198 | D:5      | XOM: summons 2 friendly demons
  3198 | D:5      | Noticed Pikel
  3199 | D:5      | XOM: scenery: 1 doors open
  3207 | D:5      | Found Zin's Purification Station.
  3207 | D:5      | Found a glowing silver altar of Zin.
  3314 | D:6      | Gained mutation: Your body sometimes deteriorates upon
                  | taking damage. [evolution]
  3324 | D:6      | XOM: confusion (+ monsters)
  3326 | D:6      | XOM: blink monster(s)
  3479 | D:6      | Reached XP level 8. HP: 40/63 MP: 8/8
  3481 | D:6      | XOM: cast spell 'Summon Small Mammal'
  3608 | D:6      | XOM: god gift: scroll of teleportation
  3655 | D:6      | XOM: cloud trail
  3895 | D:6      | XOM: confusion (+ monsters)
  3907 | D:6      | Reached skill level 9 in Polearms
  3913 | D:6      | XOM: divine lightning
  4386 | D:7      | XOM: confuse monster(s)
  4410 | D:7      | XOM: give mutation
  4410 | D:7      | Gained mutation: Your spells are a little harder to cast,
                  | but a little more powerful. [Xom's mischief]
  4483 | D:7      | Noticed Joseph
  4493 | D:7      | XOM: enchant monster (good)
  4503 | D:7      | XOM: confusion (+ monsters)
  4514 | D:7      | HP: 2/64 [Joseph/cursed -1 hunting sling (7)]
  4515 | D:7      | Killed Joseph
  4515 | D:7      | Reached skill level 10 in Polearms
  4515 | D:7      | Reached XP level 9. HP: 14/70 MP: 9/9
  4696 | D:7      | XOM: medium Pois miscast
  4888 | D:7      | Noticed a brown ugly thing
  4890 | D:7      | XOM: summons friendly crimson imp
  4917 | D:7      | Killed a brown ugly thing
  4917 | D:7      | Reached skill level 5 in Armour
  4917 | D:7      | Reached skill level 5 in Stealth
  5058 | D:7      | Reached skill level 1 in Shields
  5169 | D:7      | Gained mutation: You are weak. (Str -2) [evolution]
  5381 | D:5      | Killed Pikel
  5383 | D:5      | XOM: 9-stop teleportation journey
  5387 | D:5      | XOM: scenery: 1 doors close
  5388 | D:5      | Noticed Blork the orc
  5393 | D:5      | XOM: enchant monster (good)
  5407 | D:5      | XOM: enchant monster (good)
  5409 | D:5      | Reached skill level 11 in Polearms
  5412 | D:5      | XOM: cleaving
  5415 | D:5      | Killed Blork the orc
  5537 | D:5      | XOM: enchant monster (good)
  5544 | D:5      | HP: 2/71 [orc warrior (5)]
  5599 | D:5      | XOM: god gift: glowing long sword {god gift}
  5603 | D:5      | HP: 3/71 [orc/+0 halberd (5)]
  5615 | D:5      | Reached skill level 1 in Maces & Flails
  5753 | D:5      | XOM: scenery: create altars
  5808 | D:5      | XOM: cloud trail
  5852 | D:5      | Gained mutation: You are resistant to electric shocks.
                  | (rElec) [evolution]
  5852 | D:5      | Lost mutation: You evolve. [end of evolution]
  5944 | D:5      | Found a bloodstained altar of Trog.
  5983 | D:5      | XOM: mild Erth miscast
  5991 | D:5      | XOM: give mutations
  5991 | D:5      | Gained mutation: Your system is resistant to poisons.
                  | (rPois) [Xom's grace]
  5991 | D:5      | Gained mutation: You expend magic power (3 MP) to
                  | strengthen your wands. [Xom's grace]
  5991 | D:5      | Gained mutation: You evolve. [Xom's grace]
  5991 | D:5      | Gained mutation: You have a pair of small horns on your
                  | head. [Xom's grace]
  6185 | D:5      | Bought a +1 pair of gloves of strength for 181 gold pieces
  6185 | D:5      | Bought a +2 cloak of poison resistance for 203 gold pieces
  6607 | D:8      | Reached XP level 10. HP: 40/77 MP: 10/10
  6651 | D:8      | Noticed Harold
  6671 | D:8      | XOM: destruction
  6674 | D:8      | XOM: summons 3 friendly demons
  6693 | D:8      | XOM: enchant monster (bad)
  6694 | D:8      | XOM: potion effect (curing)
  6701 | D:8      | XOM: scenery: create altars
  6969 | D:8      | Found a staircase to the Lair.
  6974 | D:8      | XOM: summons friendly quasit
  6977 | D:8      | Killed Harold
  7089 | D:8      | Reached skill level 5 in Maces & Flails
  7167 | D:8      | Identified the ring "Sinanoo" {rC+++ rN+ Int-3}
  7414 | D:8      | XOM: confuse monster(s)
  7533 | D:8      | XOM: cast spell 'Summon Butterflies'
  7603 | D:9      | Found a staircase to the Orcish Mines.
  7616 | D:9      | Reached XP level 11. HP: 63/86 MP: 11/11
  7661 | D:9      | Gained mutation: Scrolls take you a little longer to read.
                  | [evolution]
  7724 | D:9      | XOM: smoke on damage
  7729 | D:9      | XOM: potion effect (haste)
  7734 | D:9      | HP: 5/130 [queen bee (8)]
  7739 | D:9      | HP: 2/130 [killer bee (2)]
  7742 | D:9      | Succumbed to a killer bee's poison

Skill      XL: |  1  2  3  4  5  6  7  8  9 10 11 |
---------------+----------------------------------+-----
Polearms       | 5 6 7 8 10 11 | 11.2
Dodging        | 3 |  3.8
Fighting       | 4 5 6 8 |  8.3
Armour         | 1 2 3 4 5 6 |  6.3
Stealth        | 1 2 4 6 |  6.5
Shields        | 2 |  2.8
Maces & Flails | 2 6 7 |  7.0

Action                   |  1- 3 |  4- 6 |  7- 9 | 10-12 || total
-------------------------+-------+-------+-------+-------++-------
Melee: Spear             |   130 |   174 |   277 |       ||   581
       Dire flail        |       |       |    91 |   240 ||   331
       Headbutt          |       |       |    11 |    55 ||    66
  Use: Scroll            |     4 |     1 |    12 |     2 ||    19
       Potion            |       |       |     4 |     2 ||     6
 Stab: Confused          |       |     3 |     9 |     1 ||    13
       Paralysed         |       |     2 |     4 |       ||     6
       Petrified         |       |       |     7 |       ||     7
       Distracted        |       |       |       |     2 ||     2
  Eat: Ration            |     1 |     1 |     5 |     2 ||     9
Armor: Leather armour    |    47 |       |       |       ||    47
       Plate armour      |     2 |   127 |   223 |   180 ||   532
Dodge: Dodged            |    87 |    41 |    67 |    84 ||   279
Block: Large shield      |       |       |    37 |       ||    37
       Other             |       |       |    22 |    44 ||    66
       Reflection        |       |       |     3 |     1 ||     4
